 Dungeon Crawl Stone Soup version 0.32-a0-314-g526f7d4993 (webtiles) character file.

Game seed: 16736444764812495925

1332 Ceno the Insei (level 8, -2/55 HPs)
             Began as an Octopode Shapeshifter on Feb 16, 2024.
             Was a Follower of Yredelemnul.
             Slain by a sky beast (6 damage)
             ... on level 6 of the Dungeon.
             The game lasted 00:09:36 (5039 turns).

Ceno the Insei (Octopode Shapeshifter)              Turns: 5039, Time: 00:09:36

Health: -2/55      AC:  1    Str: 13    XL:     8   Next: 61%
Magic:  8/8        EV: 15    Int: 13    God:    Yredelemnul [*.....]
Gold:   297        SH:  0    Dex: 13    Spells: 7/7 levels left

rFire   . .          .
                       - Unarmed
rCold   . . .        (no shield)
rNeg    . . .        (helmet currently unavailable)
rPois   .            (no amulet)
rElec   .            (no ring)
rCorr   .            (no ring)
SInv    .            (no ring)
Will    .....        (no ring)
Stlth   +++          (no ring)
HPRegen 0.29/turn    (no ring)
MPRegen 0.11/turn    (no ring)
                     (no ring)

%: no passive effects
@: beast-form, wreathed by umbra
A: beast (slay +3), almost no armour, amphibious, 8 rings, camouflage 1,
gelatinous body 1, (nimble swimmer 1), tentacles
a: Begin Untransformation, Renounce Religion, Light the Black Torch, Recall
Undead Harvest


You were on level 6 of the Dungeon.
You worshipped Yredelemnul.
Yredelemnul was noncommittal.
You were a hulking beast.
You visited 1 branch of the dungeon, and saw 6 of its levels.
You also visited: Sewer.

You collected 297 gold pieces.

Inventory:

Missiles
 g - 62 stones (quivered)
 h - 5 poisoned darts
 x - 4 throwing nets
Talismans
 b - a beast talisman (active)
 c - a flux talisman
 u - a maw talisman
Scrolls
 d - 3 scrolls of teleportation
 e - a scroll of enchant armour {unknown}
 f - 2 scrolls of fear {unknown}
 j - a scroll of revelation {unknown}
 m - a scroll of vulnerability
 n - a scroll of immolation {unknown}
 p - a scroll of poison {unknown}
 r - 2 scrolls of identify {unknown}
 v - a scroll of fog {unknown}
Potions
 a - 2 potions of lignification
 i - a potion of heal wounds {unknown}
 k - 2 potions of berserk rage
 l - 2 potions of resistance {unknown}
 o - a potion of degeneration {unknown}
 q - a potion of mutation {unknown}
 s - a potion of attraction {unknown}
 t - 2 potions of curing {unknown}
 w - a potion of invisibility {unknown}
 z - 2 potions of haste {unknown}
 A - a potion of might {unknown}


   Skills:
 + Level 5.0 Fighting
 + Level 5.4 Dodging
 + Level 5.9 Unarmed Combat
 + Level 5.5 Shapeshifting


You had 7 spell levels left.
You didn't know any spells.
Your spell library contained the following spells:

 Spells                   Type           Power      Damage    Failure   Level
 Summon Small Mammal      Summ           0%         N/A       30%         1
 Call Canine Familiar     Summ           0%         N/A       67%         3
 Sigil of Binding         Hex            0%         N/A       67%         3
 Dimensional Bullseye     Hex/Tloc       0%         N/A       97%         4
 Summon Blazeheart Golem  Fire/Summ      0%         N/A       97%         4
 Malign Gateway           Summ/Tloc      0%         N/A       100%        7
 Summon Horrible Things   Summ           0%         N/A       100%        8


Dungeon Overview and Level Annotations

Branches:
Dungeon (6/15)              Sewer (visited)
 Temple: D:4-7

Altars:
Elyvilon
Sif Muna
Trog
Yredelemnul

Shops:
D:1 ((*=   D:5 *[

Annotations:
D:2 Natasha
D:5 3 runed translucent doors, xianbchi's ghost, novice TrGl


Innate Abilities, Weirdness & Mutations

You are a hulking beast.
Your limbs bulge with bestial killing power. (Slay +3)
You cannot wear most types of armour.
You are amphibious.
You can wear up to eight rings at the same time.
Your skin changes colour to match your surroundings (Stealth+).
Your rubbery body absorbs attacks. (AC +1, EV +1)
((You are camouflaged when in or above water. (Stealth+)))
You have tentacles for arms and can constrict up to eight enemies at once.


Message History

The dead are walking!
An orc comes into view. It is wielding a +0 short sword.
You swap places.
An orc comes into view. It is wielding a +0 club.
You bludgeon the orc!
You kill the orc!
Their soul becomes fuel for the torch.
You bludgeon the orc!
You kill the orc!
Their soul becomes fuel for the torch.
A sky beast comes into view.
The sky beast flickers out of sight!
Deactivating autopickup; reactivate with Ctrl-A.
You closely miss the orc. Your grab misses the orc.
Your squeeze misses the orc.
The sentinel's mark upon you fades away.
The orc closely misses you.
You tentacle-slap the orc. You grab the orc.
The orc is lightly wounded.
You constrict the orc. You bludgeon the orc!
You kill the orc!
Their soul becomes fuel for the torch.
The dead are walking!
You start resting.
Something hits your orc zombie. Something shocks your orc zombie.
Your orc zombie is destroyed!
Something hits you. Something shocks you.
There is a stone staircase leading down here.
You tentacle-slap something. Something hits you. Something shocks you.
* * * LOW HITPOINT WARNING * * *
You barely miss something. You squeeze something. Something hits you.
* * * LOW HITPOINT WARNING * * *
Something shocks you.
* * * LOW HITPOINT WARNING * * *
You barely miss something. Something hits you.
* * * LOW HITPOINT WARNING * * *
Something shocks you.
You die...
Your body rises from the dead as a mindless zombie.

#.#... .# #.# .# #.#...
. ..# #.# #... #. ..#
#.# #... #.. #.#.#. #...
#.###.#.# #.#. ...#...
#... #)#Z####### #.##
#.Zh{.....# #. #
###Z......# # #
#.....>.# # ## .#
#.......### .#.#. .#
#.........# ..... ##.#
#.......#.# ##.##
###..###.......#.# ... #
.....####.#####Z########
.... #.# #.Z........


You could see a friendly iguana zombie, a friendly gnoll zombie and a friendly
orc zombie.

Vanquished Creatures
  Sigmund (D:2)
  Menkaure (D:4)
  A sky beast (D:6)
  Blork the orc (D:4)
  A brain worm (Sewer)
  A gnoll sergeant (D:6)
  A bombardier beetle (D:4)
  3 hounds (D:5)
  A sleepcap (D:6)
  Jessica (D:2)
  2 iguanas
  A river rat (D:5)
  7 adders
  11 gnolls
  2 shadow imps (D:5)
  3 dart slugs
  3 ribbon worms
  8 orcs
  9 endoplasms
  3 giant cockroaches
  5 goblins
  7 hobgoblins
  5 kobolds
  5 quokkas
  7 ball pythons
  8 bats
  2 frilled lizards (D:1)
  4 rats
104 creatures vanquished.

Vanquished Creatures (collateral kills)
  A crocodile (Sewer)
  A gnoll bouda (D:6)
  3 gnolls (D:6)
  A river rat (D:5)
  A white imp (D:6)
  3 giant cockroaches (D:5)
  2 bats (Sewer)
  A rat (D:5)
13 creatures vanquished.

Vanquished Creatures (others)
  5 gnoll zombies (D:6)
  An orc zombie (D:6)
  A quokka zombie (D:5)
7 creatures vanquished.

Grand Total: 124 creatures vanquished

Notes
Turn   | Place    | Note
-------+----------+-------------------------------------------
     0 | D:1      | Ceno the Octopode Shapeshifter began the quest for the Orb.
     0 | D:1      | Reached XP level 1. HP: 13/13 MP: 1/1
    50 | D:1      | Found Qazitunn's Antique Weapon Boutique.
    79 | D:1      | Found Noagy's Weapon Emporium.
    99 | D:1      | Found a faded altar of an unknown god.
   397 | D:1      | Reached XP level 2. HP: 12/18 MP: 2/2
   443 | D:1      | Found Ecath's Jewellery Shop.
   685 | D:1      | Found Gisarr's Assorted Antiques.
   725 | D:1      | Reached XP level 3. HP: 23/23 MP: 3/3
  1030 | D:2      | Noticed Natasha
  1066 | D:2      | Reached XP level 4. HP: 28/29 MP: 4/4
  1234 | D:2      | Noticed Jessica
  1242 | D:2      | Killed Jessica
  1380 | D:2      | Noticed Sigmund
  1393 | D:2      | Killed Sigmund
  1394 | D:2      | Reached XP level 5. HP: 29/36 MP: 5/5
  1394 | D:2      | Reached XP level 6. HP: 34/42 MP: 6/6
  1715 | D:3      | Found a white marble altar of Elyvilon.
  2471 | D:4      | Found the +6 shillelagh "Devastator" {shatter}
  2564 | D:4      | Noticed Blork the orc
  2606 | D:4      | Killed Blork the orc
  2607 | D:4      | Reached XP level 7. HP: 23/46 MP: 7/7
  3083 | D:4      | Noticed Menkaure
  3089 | D:4      | Killed Menkaure
  3442 | D:5      | Entered Level 5 of the Dungeon
  3487 | D:5      | Found Uklon's General Store.
  3503 | D:5      | Reached skill level 5 in Unarmed Combat
  3510 | D:5      | Found Qiec's Antique Armour Shoppe.
  3748 | D:5      | Found a basalt altar of Yredelemnul.
  3756 | D:5      | Became a worshipper of Yredelemnul the Fallen
  3803 | D:5      | Found a runed translucent gate.
  3803 | D:5      | Found a runed translucent gate.
  3803 | D:5      | Found a runed translucent gate.
  3805 | D:5      | Noticed xianbchi's ghost (novice TrGl)
  3893 | D:5      | Found a shimmering blue altar of Sif Muna.
  3896 | D:5      | Found a bloodstained altar of Trog.
  3949 | D:5      | Found a glowing drain.
  3959 | Sewer    | Entered a sewer
  3989 | Sewer    | Reached skill level 5 in Shapeshifting
  3989 | Sewer    | Reached XP level 8. HP: 42/54 MP: 6/8
  4307 | D:6      | Reached skill level 5 in Dodging
  4564 | D:6      | Reached * piety under Yredelemnul
  5017 | D:6      | Reached skill level 5 in Fighting
  5039 | D:6      | Slain by a sky beast

Illustrated notes

Levels and vault maps discovered:
D:1:      saegor_arrival_under_anarchy, layout_basic, serial_shops,
          nicolae_diamond_shop, nicolae_shop_dealshenge, shop_statue, shop,
          ebering_ecumenical_altar_webs, roderic_lattice_a, minmay_ruptured
D:2:      layout_basic, uniq_natasha, uniq_sigmund, uniq_jessica
D:3:      layout_basic, nicolae_elyvilon_temple_path, item_on_display_a
D:4:      layout_loops_ring, uniq_menkaure, uniq_blork_the_orc
D:5:      layout_gridville, hellmonk_overflow_destroyed_library,
          lemuel_crystal_altar, serial_shops, nicolae_shop_statue_plus, shop,
          gammafunk_ghost_nasty_kobolds, portal_sewer_entry_e, nicolae_titane
D:6:      layout_basic, serial_co_window_serial, co_window_paths_a,
          co_window_of_opportunity_a, co_window_of_opportunity_a,
          co_window_paths_a, co_window_corner_a, co_window_paths_a,
          co_window_paths_b, co_window_paths_a, co_window_paths_a,
          co_window_of_opportunity_b, co_window_of_opportunity_b,
          co_window_corner_b, co_window_corner_cb, co_window_corner_cb,
          co_window_of_opportunity_b, co_window_2corner, co_window_4corner_b,
          glass_columns_a, glass_columns_b, kennysheep_generic_room_7

Skill      XL: |  1  2  3  4  5  6  7  8 |
---------------+-------------------------+-----
Fighting       | 2 3 4 5 |  5.0
Dodging        | 3 4 5 |  5.4
Unarmed Combat | 4 5 |  5.9
Shapeshifting  | 4 5 |  5.5

Action                     |  1- 3 |  4- 6 |  7- 9 || total
---------------------------+-------+-------+-------++-------
  Melee: Unarmed           |    36 |    70 |   124 ||   230
         Constrict         |     6 |    24 |    35 ||    65
         Tentacles         |     4 |    22 |    31 ||    57
         Punch             |       |     3 |     6 ||     9
  Throw: Stone             |       |     1 |     5 ||     6
 Invoke: Light the Black T |       |       |     3 ||     3
    Use: Scroll            |       |     1 |     1 ||     2
   Stab: Sleeping          |     6 |     8 |     9 ||    23
 Armour: Skin              |     9 |    26 |    44 ||    79
  Dodge: Dodged            |    20 |    34 |    87 ||   141

Table legend: (Time is in decaauts)
 A = Elapsed time spent in this place.
 B = Non-inter-level travel time spent in this place.
 C = Inter-level travel time spent in this place.
 D = Time resting spent in this place.
 E = Time spent auto-exploring this place.
 F = Levels seen in this place.
 G = Mean time per level.
                   A        B        C        D        E       F      G
               +--------+--------+--------+--------+--------+-----+--------+
         Total |   5020 |   4827 |    193 |    233 |   3538 |   7 |  717.1 |
       Dungeon |   4943 |   4750 |    193 |    233 |   3538 |   6 |  823.8 |
         Sewer |     77 |     77 |      0 |      0 |      0 |   1 |   77.0 |
               +--------+--------+--------+--------+--------+-----+--------+

Top non-repeatable levels by time:
     D:1: 1047 daAuts
     D:4: 952 daAuts
     D:3: 791 daAuts
     D:5: 774 daAuts
     D:6: 734 daAuts
     D:2: 641 daAuts
   Sewer: 77 daAuts
